 Dungeon Crawl Stone Soup version 0.18.1-8-gdd0e5ea (webtiles) character file.

1855 dvd the Skirmisher (level 9, -2/85 HPs)
             Began as a Gargoyle Fighter on June 1, 2016.
             Was a Follower of Qazlal.
             Slain by an orc priest (4 damage)
             ... on level 7 of the Dungeon.
             The game lasted 00:16:23 (5499 turns).

dvd the Skirmisher (Gargoyle Fighter)               Turns: 5499, Time: 00:16:24

Health: -2/85      AC: 15    Str: 24    XL:     9   Next: 12%
Magic:  9/9        EV: 13    Int: 10    God:    Qazlal [*.....]
Gold:   348        SH:  2    Dex: 12    Spells: 0 memorised, 8 levels left

rFire  . . .     SeeInvis .     x - +4 quarterstaff (chaos)
rCold  . . .     Gourm    .     B - +2 leather armour {MR+}
rNeg   + . .     Faith    .     (shield currently unavailable)
rPois  ∞         Spirit   .     (no helmet)
rElec  +         Dismiss  .     y - +0 cloak
rCorr  .         Reflect  .     H - +2 pair of gloves
SustAt .         Harm     .     (no boots)
MR     +....                    (no amulet)
Stlth  ..........               E - +2 ring of slaying
                                v - ring of flight

@: berserking, very quick, somewhat resistant to hostile enchantments, extremely
unstealthy
A: negative energy resistance 1, electricity resistance, unbreathing,
petrification resistance, rot immunity, AC +5
a: Renounce Religion, Evoke Flight


You were on level 7 of the Dungeon.
You worshipped Qazlal.
Qazlal was aware of your devotion.
You were hungry.

You visited 2 branches of the dungeon, and saw 8 of its levels.

You collected 348 gold pieces.

Inventory:

Hand Weapons
 b - a +3 flail
 x - a +4 quarterstaff of chaos (weapon)
 K - a +1 halberd of freezing
 M - a +0 flail of protection
Armour
 c - a +0 shield
 y - a +0 cloak (worn)
 B - a +2 leather armour of magic resistance (worn)
 H - a +2 pair of gloves (worn)
Jewellery
 j - an uncursed amulet of faith
 t - an uncursed ring of fire
 v - a ring of flight (left hand)
 w - an uncursed ring of stealth
 E - a +2 ring of slaying (right hand)
Wands
 l - a wand of lightning (7/15)
 z - a wand of flame (33/48)
Scrolls
 e - 5 scrolls of identify {unknown}
 n - a scroll of amnesia {unknown}
 p - 2 scrolls of magic mapping {unknown}
 r - a scroll of recharging {unknown}
 s - a scroll of blinking {unknown}
 u - 2 scrolls of teleportation {unknown}
 A - 2 scrolls of remove curse {unknown}
 F - 3 scrolls of fog {unknown}
 G - a scroll of enchant weapon {unknown}
 L - a scroll of immolation {unknown}
Potions
 d - 2 potions of might
 g - 2 potions of cure mutation {unknown}
 k - a potion of agility
 m - 3 potions of curing {unknown}
 o - a potion of brilliance {unknown}
 q - 2 potions of lignification {unknown}
 D - 2 potions of berserk rage
Books
 J - a book of Callings

   Spells                             Type                      Level
   a - Summon Small Mammal            Summoning                    1
   b - Call Imp                       Summoning                    2
   c - Call Canine Familiar           Summoning                    3
   d - Summon Guardian Golem          Hexes/Summoning              3
   e - Summon Lightning Spire         Summoning/Air                4
   f - Summon Ice Beast               Ice/Summoning                4
Comestibles
 a - a beef jerky
 f - 5 bread rations
 h - 9 fruits
 i - a royal jelly
 C - 2 meat rations


   Skills:
 + Level 7.0 Fighting
 + Level 3.1(4.3) Maces & Flails
 + Level 4.6(5.1) Staves
 + Level 5.7 Armour
 + Level 4.0 Dodging
 + Level 3.9 Stealth
 + Level 5.1 Shields


You had 8 spell levels left.
You didn't know any spells.

Dungeon Overview and Level Annotations

Branches:
Dungeon (7/15)             Temple (1/1) D:4

Altars:
Ashenzari
Cheibriados
Elyvilon
Fedhas
Gozag
Kikubaaqudgha
Makhleb
Nemelex Xobeh
Okawaru
Pakellas
Qazlal
Ru
Sif Muna
Trog
Vehumet
Xom
Yredelemnul
Zin
The Shining One


Innate Abilities, Weirdness & Mutations

You are resistant to torment.
Your stone body is resilient (AC +5).
You are immune to poison.
You resist negative energy.
You are resistant to electric shocks.
You can survive without breathing.
You are immune to petrification.
You are immune to rotting.


Message History

The orc priest mumbles some strange prayers to Beogh against you.
You easily resist.
You hear a shout! x3; You hear a loud, deep croak!
An orc priest comes into view. It is wielding a mace.
Something hits you!
* * * LOW HITPOINT WARNING * * *
An orc comes into view. It is wielding a short sword.
Read which item? (? for menu, Esc to quit)
Okay, then.
Unknown command.
Drink which item? (? for menu, Esc to quit)
It was a potion of berserk rage.
A red film seems to cover your vision as you go berserk!
You feel yourself moving faster!
You feel mighty! Something hits you.
* * * LOW HITPOINT WARNING * * *
You feel a strong urge to attack something.
You barely miss the orc priest. Something hits you.
* * * LOW HITPOINT WARNING * * *
The orc priest hits you.
You die...

#....#......# >...
##....'......#.......#
.'....##.....##......#
#....##.....##......#
#....)....(.##.....#
#...)##.....##....$#
##....##............####
.............).o§.......
##...........).{@.......
#....##.....##§....o...
#....#########...$.##..
#....# #.....# ......#
#####+# ......# ##....


You could see 2 orc priests.

Vanquished Creatures
  Sigmund (D:2)
  An orc warrior (D:5)
  A phantom (D:5)
  2 ogres
  Blork the orc (D:5)
  2 giant frogs (D:6)
  A scorpion (D:5)
  3 wights (D:6)
  The ghost of M4edhros the Stinger, a weakling FoVM (D:3)
  A giant frog zombie (D:6)
  An orc priest (D:6)
  A centaur zombie (D:6)
  Crazy Yiuf (D:2)
  3 hounds
  2 jellies (D:6)
  6 orc wizards
  Ijyb (D:2)
  Natasha (twice) (D:3)
  A centaur skeleton (D:7)
  3 giant frog skeletons (D:5)
  An iguana (D:4)
  A worker ant (D:5)
  2 hound skeletons (D:4)
  A worker ant zombie (D:6)
  4 gnolls (D:6)
  10 adders
  An ooze (D:1)
  5 worms
  3 dart slugs
  5 giant geckos
  14 orcs
  3 giant cockroaches
  11 goblins
  5 hobgoblins
  6 jackals
  A quokka (D:4)
  2 ball pythons
  11 bats
  A giant cockroach zombie (D:5)
  A giant gecko zombie (D:6)
  2 giant newts
  10 kobolds
  A quokka zombie (D:7)
  10 rats
  5 butterflies (D:4)
151 creatures vanquished.

Vanquished Creatures (others)
  A worker ant zombie (D:5)
1 creature vanquished.

Grand Total: 152 creatures vanquished

Notes
Turn   | Place    | Note
--------------------------------------------------------------
     0 | D:1      | dvd the Gargoyle Fighter began the quest for the Orb.
     0 | D:1      | Reached XP level 1. HP: 14/14 MP: 1/1
   138 | D:1      | Reached XP level 2. HP: 19/19 MP: 2/2
   460 | D:1      | Reached XP level 3. HP: 21/24 MP: 3/3
   762 | D:2      | Reached XP level 4. HP: 18/29 MP: 4/4
   913 | D:2      | Reached skill level 4 in Fighting
   986 | D:2      | Found a burning altar of Makhleb.
   986 | D:2      | Found a white marble altar of Elyvilon.
   989 | D:2      | Found a blossoming altar of Fedhas.
   989 | D:2      | Found a glowing silver altar of Zin.
  1018 | D:2      | Reached skill level 1 in Dodging
  1233 | D:2      | Noticed Ijyb
  1258 | D:2      | Killed Ijyb
  1258 | D:2      | Reached XP level 5. HP: 33/33 MP: 5/5
  1287 | D:2      | Noticed Sigmund
  1314 | D:2      | Killed Sigmund
  1314 | D:2      | Reached XP level 6. HP: 13/39 MP: 6/6
  1714 | D:2      | Noticed Crazy Yiuf
  1941 | D:2      | Killed Crazy Yiuf
  2027 | D:3      | Reached skill level 5 in Armour
  2028 | D:3      | Reached skill level 5 in Shields
  2150 | D:3      | Found a shattered altar of Ashenzari.
  2336 | D:3      | Noticed Natasha
  2341 | D:3      | Killed Natasha
  2346 | D:3      | Noticed M4edhros's ghost (weakling FoVM)
  2358 | D:3      | Killed M4edhros's ghost
  2358 | D:3      | Reached XP level 7. HP: 40/44 MP: 7/7
  2568 | D:3      | Noticed Natasha
  2572 | D:3      | Killed Natasha
  2905 | D:4      | Reached skill level 5 in Fighting
  2905 | D:4      | Reached skill level 1 in Staves
  2905 | D:4      | Reached skill level 1 in Stealth
  3074 | D:4      | Found a staircase to the Ecumenical Temple.
  3091 | Temple   | Entered the Ecumenical Temple
  3181 | Temple   | Became a worshipper of Qazlal Stormbringer
  3696 | D:5      | Entered Level 5 of the Dungeon
  3756 | D:5      | Noticed Blork the orc
  3771 | D:5      | Killed Blork the orc
  3958 | D:5      | Noticed a moth of wrath
  3961 | D:5      | Found a bloodstained altar of Trog.
  4026 | D:5      | Reached XP level 8. HP: 41/51 MP: 8/8
  4157 | D:6      | HP: 1/51 [orc warrior/long sword of electrocution (12)]
  4479 | D:6      | Reached skill level 6 in Fighting
  4639 | D:6      | Reached * piety under Qazlal
  4785 | D:6      | Reached XP level 9. HP: 38/56 MP: 9/9
  5489 | D:7      | Reached skill level 7 in Fighting
  5499 | D:7      | HP: 2/85 [something (4)]
  5499 | D:7      | Slain by an orc priest

Skill      XL: |  1  2  3  4  5  6  7  8  9 |
---------------+----------------------------+-----
Shields        | 4 5 |  5.1
Fighting       | 4 5 6 7 |  7.0
Dodging        | 1 2 3 4 |  4.0
Armour         | 4 5 |  5.7
Maces & Flails | 3 |  3.1
Staves         | 2 4 |  4.6
Stealth        | 2 3 |  3.9

Action                   |  1- 3 |  4- 6 |  7- 9 || total
-------------------------+-------+-------+-------++-------
Melee: Flail             |   112 |   165 |       ||   277
       Quarterstaff      |       |    24 |   218 ||   242
  Use: Potion            |       |     1 |     1 ||     2
 Stab: Sleeping          |       |       |     8 ||     8
       Confused          |       |       |     2 ||     2
       Distracted        |       |       |     1 ||     1
  Eat: Chunk             |       |     5 |     8 ||    13
       Royal jelly       |       |       |     1 ||     1
Armor: Scale mail        |    75 |    88 |       ||   163
       Leather armour    |       |     5 |    98 ||   103
Dodge: Dodged            |    48 |    51 |   126 ||   225
Block: Shield            |    69 |    65 |       ||   134
       Other             |       |       |     3 ||     3
